 Dungeon Crawl Stone Soup version 0.30-a0-743-gbfdf073431 (webtiles) character file.

Game seed: 9863650720259356726

76 Dittersdorf the Covered (level 4, -6/29 HPs)
             Began as a Gargoyle Fighter on Feb 7, 2023.
             Mangled by an orc warrior
             ... wielding a +0 war axe
              (8 damage)
             ... on level 3 of the Dungeon.
             The game lasted 00:02:16 (2849 turns).

Dittersdorf the Covered (Gargoyle Fighter)          Turns: 2849, Time: 00:02:17

Health: -6/29      AC: 13    Str: 22    XL:     4   Next: 32%
Magic:  4/4        EV:  9    Int:  8    God:
Gold:   152        SH:  4    Dex:  9    Spells: 3/3 levels left

rFire   . . .      SeeInvis .    a - +0 flail
rCold   . . .      Faith    .    c - +0 buckler
rNeg    + . .      Spirit   .    b - +0 scale mail
rPois   ∞          Reflect  .    i - +0 helmet
rElec   +          Harm     .    l - +0 cloak
rCorr   .          Rampage  .    (no gloves)
Will    .....                    (no boots) Stlth
                                 (no amulet)
HPRegen 0.24/turn                (no ring)
MPRegen 0.09/turn                (no ring)

@: no status effects
A: sickness immunity, AC +3, negative energy resistance 1, electricity
resistance, torment resistance 1, petrification resistance
a: no special abilities


You were on level 3 of the Dungeon.
You visited 1 branch of the dungeon, and saw 4 of its levels.

You collected 152 gold pieces.

Inventory:

Hand Weapons
 a - a +0 flail (weapon)
Armour
 b - a +0 scale mail (worn)
 c - a +0 buckler (worn)
 i - a +0 helmet (worn)
 l - a +0 cloak (worn)
Jewellery
 q - a +4 ring of protection
Scrolls
 f - 2 scrolls of identify {unknown}
 j - a scroll of immolation {unknown}
 k - a scroll of blinking {unknown}
 m - a scroll of teleportation {unknown}
 n - a scroll of vulnerability {unknown}
 p - a scroll of enchant armour {unknown}
Potions
 d - a potion of might
 e - a potion of ambrosia {unknown}
 g - 5 potions of curing {unknown}
 h - a potion of attraction {unknown}
 o - 2 potions of lignification {unknown}
 r - a potion of brilliance {unknown}


   Skills:
 + Level 3.9 Fighting
 + Level 2.7 Maces & Flails
 + Level 4.0 Armour
 + Level 3.9 Shields


You had 3 spell levels left.
You didn't know any spells.
Your spell library contained the following spells:

 Spells                   Type           Power      Damage    Failure   Level
 Malign Gateway           Summ/Tloc      0%         N/A       100%        7
 Summon Horrible Things   Summ           0%         N/A       100%        8


Dungeon Overview and Level Annotations

Branches:
Dungeon (4/15)
 Temple: D:4-7

Altars:
Trog

Shops:
D:1 *

Annotations:
D:3 2 runed translucent doors


Innate Abilities, Weirdness & Mutations

You are immune to sickness and miasma.
Your stone body is resilient. (AC +3)
You are immune to poison.
You resist negative energy. (rN+)
You are resistant to electric shocks. (rElec)
You are resistant to unholy torment.
You are immune to petrification.


Message History

There is a stone staircase leading up here.
The orc warrior hits you but does no damage.
The orc hits you but does no damage.
You climb upwards.
Level annotation: 2 runed translucent doors
There is a stone staircase leading down here.
The orc barely misses you.
The orc warrior attacks as you move away!
The orc warrior hits you but does no damage.
The orc attacks as you move away! The orc barely misses you.
The orc warrior attacks as you move away!
The orc warrior hits you with a +0 war axe.
The orc attacks as you move away! The orc hits you with a +0 club.
The orc warrior attacks as you move away!
The orc warrior closely misses you.
The orc warrior attacks as you move away!
The orc warrior barely misses you. The orc attacks as you move away!
The orc hits you with a +0 club.
You barely miss the orc. The orc hits you with a +0 club.
You closely miss the orc. The orc hits you but does no damage.
You closely miss the orc warrior.
The orc warrior hits you with a +0 war axe.
You hit the orc warrior but do no damage.
The orc warrior closely misses you.
You barely miss the orc warrior.
The orc warrior hits you with a +0 war axe!
You barely miss the orc warrior. You block the orc warrior's attack.
The orc warrior hits you with a +0 war axe!
* * * LOW HITPOINT WARNING * * *
You hit the orc warrior.
The orc warrior is moderately wounded.
The orc warrior hits you but does no damage.
You hit the orc warrior but do no damage.
The orc warrior is moderately wounded.
The orc warrior hits you with a +0 war axe.
* * * LOW HITPOINT WARNING * * *
You hit the orc warrior.
The orc warrior is moderately wounded.
The orc warrior hits you with a +0 war axe!
You die...

#.# #.# #.# #.#
#############.#
#..........##.#
#..........##.#
########...........#.#
#....@oo......>......#
#.######.......[.....#
#.#### #############.#
#....##### #.#
#........### #..
###........## #..
####......# #..
####...## ##. ##...#
#.


You could see an orc warrior and an orc.

Vanquished Creatures
  A worm (D:2)
  An orc (D:3)
  5 bats
  5 endoplasms
  4 giant cockroaches
  9 goblins
  4 hobgoblins
  8 jackals
  7 kobolds
  3 quokkas
  4 ball pythons
  6 frilled lizards
  9 rats
66 creatures vanquished.

Notes
Turn   | Place    | Note
-------+----------+-------------------------------------------
     0 | D:1      | Dittersdorf the Gargoyle Fighter began the quest for the
                  | Orb.
     0 | D:1      | Reached XP level 1. HP: 14/14 MP: 1/1
   159 | D:1      | Reached XP level 2. HP: 19/19 MP: 2/2
   647 | D:1      | Reached XP level 3. HP: 22/23 MP: 3/3
   766 | D:1      | Found Xeovacs's General Store.
  1806 | D:2      | Reached XP level 4. HP: 29/29 MP: 4/4
  2337 | D:3      | Found a large runed translucent door.
  2338 | D:3      | Found a large runed translucent door.
  2400 | D:3      | Reached skill level 4 in Armour
  2571 | D:3      | Found a bloodstained altar of Trog.
  2822 | D:4      | Noticed an orc warrior
  2848 | D:3      | HP: 1/29 [orc warrior/+0 war axe (2)]
  2849 | D:3      | Mangled by an orc warrior

Illustrated notes

Levels and vault maps discovered:
D:1:      lemuel_arrival_cross, layout_loops_corners, serial_shops, shop_statue,
          serial_bayou_lagoon_a, serial_bayou_crossing
D:2:      layout_basic, minmay_vboxes
D:3:      layout_basic, general_overflow_altar, jmf_multi_god_temple2,
          serial_curves, eino_curves_04, eino_curves_02, eino_curves_02,
          eino_curves_04, minmay_tree_intersection
D:4:      cheibrodos_old_hovel, layout_rooms

Skill      XL: |  1  2  3  4 |
---------------+-------------+-----
Armour         | 4 |  4.0
Fighting       | |  3.9
Maces & Flails | |  2.7
Shields        | |  3.9

Action                     |  1- 3 |  4- 6 || total
---------------------------+-------+-------++-------
  Melee: Flail             |   156 |    44 ||   200
 Armour: Scale mail        |   133 |    21 ||   154
  Dodge: Dodged            |   103 |    21 ||   124
  Block: Buckler           |    37 |     7 ||    44

Table legend: (Time is in decaauts)
 A = Elapsed time spent in this place.
 B = Non-inter-level travel time spent in this place.
 C = Inter-level travel time spent in this place.
 D = Time resting spent in this place.
 E = Time spent auto-exploring this place.
 F = Levels seen in this place.
 G = Mean time per level.
                   A        B        C        D        E       F      G
               +--------+--------+--------+--------+--------+-----+--------+
         Total |   2923 |   2823 |    100 |     56 |   2283 |   4 |  730.8 |
       Dungeon |   2923 |   2823 |    100 |     56 |   2283 |   4 |  730.8 |
               +--------+--------+--------+--------+--------+-----+--------+

Top non-repeatable levels by time:
     D:1: 1106 daAuts
     D:2: 1080 daAuts
     D:3: 728 daAuts
     D:4: 7 daAuts
